 Dungeon Crawl Stone Soup version 0.30-b1-2-g02819fbbbe (webtiles) character file.

Game seed: 8982429219630255278

416 protoss039 the Digger (level 6, 47/47 HPs)
             Began as a Demonspawn Earth Elementalist on July 4, 2023.
             Got out of the dungeon alive.
             The game lasted 00:06:51 (3766 turns).

protoss039 the Digger (DsEE)                        Turns: 3766, Time: 00:06:52

Health: 47/47      AC:  6    Str:  8    XL:     6   Next: 60%
Magic:  11/11      EV: 12    Int: 18    God:
Gold:   236        SH:  0    Dex: 20    Spells: 6/12 levels left

rFire   . . .        j - +1 dagger (venom)
rCold   . . .        (no shield)
rNeg    . . .        a - +0 robe
rPois   .            f - +0 helmet {SInv}
rElec   .            (no cloak)
rCorr   .            e - +0 pair of gloves
SInv    +            (no boots)
Will    +....        (no amulet)
Stlth   ++           n - +6 ring of dexterity
HPRegen 0.27/turn    v - ring of willpower
MPRegen 0.12/turn

%: no passive effects
@: no status effects
A: slimy green scales 1, demonic guardian 1, powered by pain 1, demonic touch 1
a: no special abilities


You escaped.
You visited 1 branch of the dungeon, and saw 5 of its levels.

You collected 236 gold pieces.

Inventory:

Hand Weapons
 j - a +1 dagger of venom (weapon)
 x - the +4 quarterstaff of the Modern Heavens {freeze, Drain rC+ Will++}
   (You found it on level 5 of the Dungeon)

   rC:        It protects you from cold.
   Drain:     It drains your maximum health when unequipped.
   Will:      It greatly increases your willpower.
Armour
 a - a +0 robe (worn)
 e - a +0 pair of gloves (worn)
 f - a +0 helmet of see invisible (worn)
 k - the +7 chain mail of Monotheism {rCorr Str+4 SInv}
   (You found it on level 2 of the Dungeon)

   Str:       It affects your strength (+4).
   SInv:      It lets you see invisible.
   rCorr:     It protects you from acid and corrosion.
Jewellery
 n - a +6 ring of dexterity (left hand)
 v - a ring of willpower (right hand)
Wands
 m - a wand of iceblast (6)
Scrolls
 d - 2 scrolls of silence
 h - a scroll of identify
 i - a scroll of poison
 l - 3 scrolls of fear {unknown}
 p - 2 scrolls of noise {unknown}
 r - 3 scrolls of enchant weapon {unknown}
 s - a scroll of fog {unknown}
 t - a scroll of vulnerability {unknown}
 u - a scroll of blinking {unknown}
 w - a scroll of torment {unknown}
Potions
 b - 3 potions of heal wounds
 c - 2 potions of might
 g - a potion of attraction {unknown}
 o - a potion of resistance {unknown}
 q - 2 potions of haste {unknown}


   Skills:
 + Level 3.3 Fighting
 - Level 1.7 Dodging
 - Level 1.7 Stealth
 + Level 3.8 Spellcasting
 + Level 2.3 Conjurations
 - Level 1.0 Transmutations
 + Level 4.2 Earth Magic


You had 6 spell levels left.
You knew the following spells:

 Your Spells              Type           Power      Damage    Failure   Level
a - Sandblast             Erth           36%        2d10      2%          1
b - Passwall              Tmut/Erth      10%        N/A       8%          2
c - Stone Arrow           Conj/Erth      30%        3d8       12%         3

Your spell library contained the following spells:

 Spells                   Type           Power      Damage    Failure   Level
 Slow                     Hex            12%        N/A       16%         1
 Confusing Touch          Hex            3%         N/A       41%         3
 Vampiric Draining        Necr           3%         2d6       41%         3
 Petrify                  Tmut/Erth      12%        N/A       45%         4


Dungeon Overview and Level Annotations

Branches:
Dungeon (5/15) Zot: 26156
 Temple: D:4-7

Altars:
Nemelex Xobeh
Sif Muna
Trog


Innate Abilities, Weirdness & Mutations

You are partially covered in slimy green scales. (AC +2)
A weak demonic guardian rushes to your aid.
You sometimes gain a little power by taking damage.
Your touch may inflict minor irresistible damage on your foes.


Message History

Casting: Sandblast (safe; 2% risk of failure)
Confirm with . or Enter, or press ? or * to list all spells.
Aiming: Sandblast (safe; 2% risk of failure)
Press: ? - help, Shift-Dir - straight line, f - gnoll
Aim: a gnoll, wielding a +0 spear (moderately wounded, covering ground quickly, ally target, 84% to hit)
The blast of sand hits the gnoll!
You kill the gnoll!
Your iron imp hits the quokka.
Casting: Sandblast (safe; 2% risk of failure)
Confirm with . or Enter, or press ? or * to list all spells.
Aiming: Sandblast (safe; 2% risk of failure)
Press: ? - help, Shift-Dir - straight line The blast of sand hits the quokka!
You kill the quokka!
Unknown command.
Your attacks no longer feel as feeble.
There is a stone staircase leading up here.
Your magical contamination has completely faded away.
You climb upwards.
Your summoned ally is left behind.
There is a stone staircase leading down here.
(D) Dungeon
Where to? (Enter - D:5 @ (x,y), ? - help)
What level of the Dungeon? (default 1, ? - help)
There is a stone staircase leading up here.
You climb upwards.
There is a stone staircase leading down here.
HP restored.
There is a stone staircase leading up here.
You climb upwards.
There is a stone staircase leading down here.
Magic restored.
There is a stone staircase leading up here.
You climb upwards.
There is a stone staircase leading down here.
You open the door.
There is an open door here.
There is a dry fountain here.
There is a staircase leading out of the dungeon here.
Are you sure you want to leave the Dungeon?
This will make you lose the game!
You have escaped!

#....#.########+########.### #.#
#....#.# #.# #.# #.# ##...#.#
##.## #.#####.# #...#.# #...#
#.##..... #...#.# #...# #.##.....
#####.# ##...## #.##..... #.#
####..⌠..#### #.#####.#
#.###...........###........
#.'.....⌠.@.⌠.....'.#.###..
#.###...........#####.#####
############..⌠..#### #........
#........####...#######.#+####.
#...........#...#..........###.
#........##.#...#.####.....'...
#........##.##.##.# #.....###'
#........##.##.##.####.....##..
###........##.##+#..........###..


There were no monsters in sight!

Vanquished Creatures
  A gnoll bouda (D:5)
  A hound (D:5)
  A jelly (D:5)
  A sleepcap (D:5)
  2 iguanas
  An orc wizard (D:2)
  Robin (D:2)
  4 gnolls (D:5)
  5 adders
  An ufetubus (D:4)
  3 worms
  4 dart slugs
  10 orcs
  7 ball pythons
  A bat (D:1)
  6 endoplasms
  4 giant cockroaches
  14 hobgoblins
  6 kobolds
  6 quokkas
  6 frilled lizards
  14 goblins
  7 rats
106 creatures vanquished.

Notes
Turn   | Place    | Note
-------+----------+-------------------------------------------
     0 | D:1      | protoss039 the Demonspawn Earth Elementalist began the
                  | quest for the Orb.
     0 | D:1      | Reached XP level 1. HP: 13/13 MP: 3/3
   170 | D:1      | Gained mutation: You sometimes gain a little power by
                  | taking damage. [demonic ancestry]
   170 | D:1      | Reached XP level 2. HP: 2/20 MP: 0/5
   307 | D:1      | Reached skill level 1 in Fighting
   399 | D:1      | Reached skill level 3 in Earth Magic
   890 | D:1      | Learned a level 2 spell: Passwall
   906 | D:2      | Gained mutation: Your touch may inflict minor irresistible
                  | damage on your foes. [demonic ancestry]
   906 | D:2      | Reached XP level 3. HP: 26/26 MP: 3/6
  1046 | D:2      | Noticed Robin
  1086 | D:2      | Killed Robin
  1287 | D:2      | Identified the +7 chain mail of Monotheism {rCorr Str+4
                  | SInv}
  1502 | D:2      | Gained mutation: You are partially covered in slimy green
                  | scales. (AC +2) [demonic ancestry]
  1502 | D:2      | Reached XP level 4. HP: 23/33 MP: 5/8
  1831 | D:2      | Learned a level 3 spell: Stone Arrow
  1842 | D:2      | Reached skill level 1 in Transmutations
  2011 | D:3      | Found a bloodstained altar of Trog.
  2293 | D:3      | Found a shimmering blue altar of Sif Muna.
  2394 | D:3      | Gained mutation: A weak demonic guardian rushes to your
                  | aid. [demonic ancestry]
  2394 | D:3      | Reached XP level 5. HP: 39/39 MP: 6/9
  2587 | D:4      | Reached skill level 1 in Conjurations
  3157 | D:4      | Found a sparkling altar of Nemelex Xobeh.
  3384 | D:5      | Entered Level 5 of the Dungeon
  3477 | D:5      | Identified the +4 quarterstaff of the Modern Heavens
                  | {freeze, Drain rC+ Will++}
  3516 | D:5      | Reached skill level 4 in Earth Magic
  3519 | D:5      | Reached XP level 6. HP: 41/47 MP: 1/11
  3766 | D:$      | Got out of the dungeon alive.

Illustrated notes

Levels and vault maps discovered:
D:1:      evilmike_arrival_plus, layout_basic
D:2:      layout_loops_cross, uniq_robin
D:3:      layout_rooms, mainiacjoe_overflow_concentric_impassable,
          mainiacjoe_overflow_cross_hatched, kennysheep_generic_room_3
D:4:      layout_loops_ring, nemelex_xobeh_ov_fountains_minmay,
          dk_noncrumbling_4, hex_tiny
D:5:      layout_cave_pools, uniq_crazy_yiuf_cottage

Skill      XL: |  1  2  3  4  5  6 |
---------------+-------------------+-----
Fighting       | 1 2 3 |  3.3
Earth Magic    | 3 4 |  4.2
Spellcasting   | 3 |  3.8
Transmutations | 1 |  1.0
Conjurations   | 1 2 |  2.3
Dodging        | |  1.7
Stealth        | |  1.7

Action                     |  1- 3 |  4- 6 || total
---------------------------+-------+-------++-------
  Melee: Unarmed           |     5 |       ||     5
         Spear             |    14 |       ||    14
         Whip              |     9 |       ||     9
         Touch             |     2 |     3 ||     5
         Dagger            |       |    14 ||    14
   Cast: Sandblast         |    52 |    98 ||   150
  Evoke: Wand              |       |     2 ||     2
    Use: Potion            |     2 |       ||     2
         Scroll            |     3 |     1 ||     4
   Stab: Sleeping          |     1 |     2 ||     3
 Armour: Robe              |    14 |    33 ||    47
  Dodge: Dodged            |    46 |    64 ||   110
